Map: Kairos Junction LE

Players

Ziggy

  • Race: Terran Terran
  • Spawn Location: 11:00

Clem - Winner!

  • Race: Terran Terran
  • Spawn Location: 5:00

Event: 2019 WCS Summer

VOD

Have the link to the VOD?

Description

Time

  • Played on: July 12, 2019, 9:17 a.m.
  • Length: 12:22

All games in this series

Show
View Real Time Build Order
Export as new Build Order

Ziggy Terran 

Build Orders: 1/1/1 

Get SALT Encoding   

  12  0:00  SCV  
  13  0:12  SCV  
  14  0:17  Supply Depot  
  14  0:24  SCV  
  14  0:28  Refinery  
  15  0:39  SCV  
  16  0:44  Barracks  
  16  0:51  SCV  
  16  0:57  Refinery  
  17  1:03  SCV  
  18  1:17  SCV  
  19  1:31  Reaper  
  20  1:33  Orbital Command  
  20  1:37  Factory  
  20  1:50  Supply Depot  
  20  1:58  SCV  
  21  2:03  Reaper  
  22  2:10  SCV  
  23  2:21  Starport, Hellion  
  25  2:25  SCV  
  26  2:34  Supply Depot  
  26  2:35  Reaper  
  27  2:42  Hellion  
  28  2:57  Command Center  
  28  3:02  SCV  
  28  3:03  Factory Tech Lab  
  29  3:07  Barracks Reactor  
  29  3:14  SCV  
  29  3:16  Barracks  
  30  3:23  Cyclone  
  30  3:27  SCV  
  34  3:39  SCV  
  35  3:43  Marine x2, Supply Depot  
  37  3:50  Starport  
  37  3:53  SCV  
  38  4:05  Siege Tank, Barracks Tech Lab  
  38  4:06  SCV  
  42  4:16  Orbital Command  
  42  4:24  Stimpack, SCV  
  43  4:26  Starport Reactor  
  43  4:30  Marine  
  43  4:31  Marine  
  45  4:36  SCV  
  46  4:39  Siege Tank  
  48  4:46  SCV  
  48  4:51  SCV  
  48  4:55  Marine x3  
  48  4:58  SCV  
  52  5:00  Refinery  
  52  5:03  SCV  
  53  5:10  SCV  
  53  5:11  Siege Tank  
  53  5:13  Supply Depot  
  57  5:15  SCV  
  57  5:18  Marine x3  
  61  5:29  Supply Depot  
  61  5:31  SCV  
  61  5:34  Medivac x2  
  61  5:35  SCV, Supply Depot  
  67  5:39  Marine x2  
  67  5:40  Marine  
  70  5:50  Supply Depot  
  70  5:51  SCV x2  
  70  5:52  Siege Tank  
  75  5:59  Marine x3  
  78  6:04  Medivac  
  78  6:05  SCV  
  78  6:06  SCV  
  78  6:11  Medivac  
  84  6:16  Marine, Refinery  
  84  6:20  Marine x2  
  84  6:21  SCV  
  84  6:23  Supply Depot  
  86  6:34  Marine, Medivac  
  86  6:35  SCV x2  
  86  6:37  Marine x2  
  93  6:42  Combat Shield  
  93  6:44  Medivac  
  95  6:50  SCV  
  95  6:51  SCV  
  95  6:52  Command Center  
  97  6:55  Supply Depot  
  97  6:57  Marine x3  
  98  7:11  SCV x2  
  98  7:14  Siege Tank  
  98  7:15  Marine  
  101  7:16  Marine x2  
  101  7:18  Medivac x2  
  101  7:21  Supply Depot  
  108  7:25  Engineering Bay  
  108  7:28  Engineering Bay  
  108  7:35  Marine x2  
  110  7:42  Marine  
  111  7:44  SCV  
  111  7:46  Barracks  
  111  7:47  Barracks  
  112  7:53  Marine, Terran Infantry Weapons Level 1, Terran Infantry Armor Level 1  
  112  7:56  Marine  
  114  7:59  Liberator x2  
  114  8:00  Marine, SCV x2  
  117  8:12  Marine  
  117  8:14  Marine  
  117  8:17  Marine  
  126  8:21  SCV  
  126  8:22  SCV  
  128  8:28  Orbital Command  
  128  8:30  Marine  
  128  8:32  Marine  
  128  8:33  SCV  
  131  8:34  SCV  
  131  8:38  Barracks Reactor x2  
  131  8:40  Armory  
  132  8:41  Marine  
  133  8:51  Supply Depot  
  133  8:54  Supply Depot  
  133  8:55  Liberator x2  
  133  9:09  Siege Tank  
  133  9:12  Marine  
  117  9:17  Marine  
  117  9:18  Marine  
  117  9:22  Marine x3  
  113  9:24  Marine  
  113  9:29  Marine  
  106  9:35  Marine x2  
  108  9:40  Marine x3  
  108  9:42  Marine  
  111  9:46  Siege Tank  
  111  9:47  Marine  
  111  9:49  Barracks, SCV x2  
  111  9:51  Barracks  
  115  9:53  Marine x2  
  115  9:55  Medivac x2  
  115  9:57  Marine  
  115  9:58  Marine x2  
  111  10:00  Marine  
  111  10:02  SCV x2  
  111  10:05  Marine  
  115  10:08  Liberator x2  
  115  10:11  Marine x2  
  117  10:15  Marine x2  
  117  10:16  Marine  
  117  10:18  Marine  
  118  10:23  Marine  
  118  10:25  SCV x3  
  118  10:28  Siege Tank  
  131  10:29  Marine x2  
  131  10:32  Refinery  
  131  10:33  Marine x3  
  136  10:36  Marine  
  136  10:37  SCV x2  
  136  10:39  Barracks Reactor x2  
  136  10:42  Refinery  
  139  10:43  SCV  
  139  10:49  SCV  
  137  10:52  Marine x3  
  120  10:58  SCV  
  120  11:01  Marine x2  
  120  11:02  Marine x2  
  124  11:05  SCV x2  
  124  11:10  Marine x3, SCV  
  130  11:16  Marine  
  130  11:17  Marine, SCV x2  
  134  11:22  SCV  
  135  11:28  Siege Tank  
  135  11:29  SCV x2  
  135  11:30  Marine x3  
  143  11:33  Sensor Tower  
  143  11:41  Marine x3  
  143  11:42  Marine x2  
  143  11:43  Marine  
  149  11:48  Supply Depot  
  149  11:49  Supply Depot  
  149  11:56  Supply Depot  
  149  12:00  Marine  
  149  12:05  Missile Turret  
Show
View Real Time Build Order
Export as new Build Order

Clem Terran - Winner!

Build Orders:  

Get SALT Encoding   

  12  0:00  SCV  
  13  0:12  SCV  
  14  0:16  Supply Depot  
  14  0:24  SCV  
  14  0:27  Refinery  
  15  0:38  SCV  
  16  0:44  Barracks  
  16  0:50  SCV  
  17  0:58  Refinery  
  17  1:02  SCV  
  18  1:14  SCV  
  19  1:31  Orbital Command  
  19  1:33  Factory  
  19  1:37  Reaper  
  20  1:47  Supply Depot  
  20  1:57  SCV  
  21  2:09  SCV  
  21  2:10  Reaper  
  23  2:17  Hellion  
  25  2:31  Command Center  
  25  2:34  SCV  
  26  2:42  Starport  
  26  2:46  Barracks Tech Lab  
  26  2:49  Hellion  
  28  2:53  SCV  
  28  2:58  Supply Depot  
  29  3:05  SCV  
  30  3:11  Barracks Tech Lab  
  30  3:17  SCV  
  30  3:19  Cyclone  
  34  3:25  Refinery  
  34  3:29  SCV  
  34  3:33  Raven  
  37  3:41  Barracks Reactor, SCV  
  37  3:42  Orbital Command  
  38  3:53  SCV  
  42  3:59  Siege Tank  
  42  4:05  SCV  
  42  4:07  Supply Depot  
  42  4:08  SCV  
  44  4:17  Marine x2, SCV  
  44  4:20  SCV  
  44  4:22  Raven  
  50  4:27  Supply Depot  
  50  4:29  SCV  
  51  4:32  SCV  
  51  4:35  Marine x2  
  54  4:39  Siege Tank  
  54  4:42  SCV  
  54  4:44  SCV  
  56  4:53  Marine x2  
  56  4:54  SCV  
  56  4:57  Command Center  
  59  5:00  SCV  
  59  5:06  SCV  
  61  5:07  Raven  
  61  5:08  Supply Depot  
  61  5:12  Marine x2  
  61  5:13  SCV  
  66  5:17  Supply Depot  
  66  5:21  Siege Tank  
  69  5:22  SCV  
  70  5:31  Marine x2, SCV  
  73  5:36  Supply Depot  
  73  5:40  Refinery  
  73  5:42  SCV  
  74  5:43  SCV  
  74  5:46  Supply Depot  
  75  5:54  Siege Tank  
  75  5:55  SCV  
  80  6:02  SCV  
  78  6:11  Viking x2, SCV  
  80  6:14  SCV  
  80  6:16  Marine, Supply Depot  
  84  6:19  Stimpack  
  84  6:22  Engineering Bay  
  84  6:23  Engineering Bay  
  84  6:24  SCV  
  85  6:26  SCV  
  85  6:28  Siege Tank  
  89  6:34  Marine  
  89  6:36  Orbital Command, SCV  
  90  6:42  Supply Depot  
  90  6:48  Viking x2  
  90  6:49  SCV  
  90  6:52  Marine  
  90  6:54  SCV  
  97  6:55  Terran Infantry Weapons Level 1  
  97  6:56  Orbital Command  
  97  7:02  Terran Infantry Armor Level 1  
  97  7:03  SCV  
  98  7:10  Marine, Supply Depot  
  98  7:11  Siege Tank  
  100  7:19  Supply Depot  
  100  7:21  SCV  
  100  7:22  SCV  
  102  7:26  Viking  
  102  7:28  Viking, Marine  
  107  7:33  SCV x2  
  109  7:43  Barracks  
  108  7:44  Barracks  
  108  7:46  Barracks x2, Marine  
  108  7:50  Siege Tank  
  112  7:52  SCV  
  112  7:53  SCV  
  114  8:00  Viking x2  
  114  8:04  SCV  
  117  8:06  Marine  
  117  8:10  SCV  
  119  8:15  SCV, Factory  
  119  8:16  Refinery  
  119  8:17  Refinery  
  119  8:18  SCV  
  121  8:22  Missile Turret  
  121  8:23  Missile Turret  
  121  8:24  Marine, Missile Turret  
  121  8:25  Siege Tank  
  125  8:30  Supply Depot  
  125  8:31  SCV  
  126  8:37  Armory, SCV  
  126  8:39  SCV  
  128  8:42  Marine  
  128  8:43  Barracks Reactor, SCV  
  128  8:44  Barracks Reactor  
  128  8:45  Marine  
  131  8:49  SCV  
  131  8:56  Barracks Reactor  
  131  8:59  Siege Tank, Marine, Liberator  
  135  9:03  Marine  
  135  9:06  SCV  
  135  9:07  SCV  
  135  9:08  Supply Depot x2  
  117  9:17  Marine, Medivac  
  117  9:19  SCV  
  117  9:20  Marine  
  117  9:21  Marine  
  118  9:26  SCV  
  118  9:31  Marine  
  106  9:35  Marine x4  
  106  9:36  Marine  
  106  9:37  Siege Tank  
  114  9:38  Marine  
  114  9:39  Marine  
  114  9:43  Liberator  
  114  9:44  Factory Tech Lab  
  110  9:46  Barracks  
  110  9:48  Barracks  
  110  9:49  Barracks, Marine  
  105  9:52  Marine  
  105  9:53  Marine x4  
  105  9:56  Marine x2  
  105  10:02  Viking  
  105  10:06  Marine  
  108  10:09  Siege Tank, Cyclone  
  108  10:10  Marine x2  
  108  10:11  Marine x3  
  108  10:13  Combat Shield  
  119  10:14  Marine x2  
  121  10:24  Marine  
  121  10:28  Marine x2  
  122  10:29  Marine x2  
  122  10:32  Marine  
  122  10:33  Marine x2  
  122  10:34  Medivac  
  131  10:43  Marine x2, Command Center  
  131  10:45  Siege Tank  
  131  10:46  Marine  
  133  10:51  Siege Tank  
  133  10:53  Marine x2  
  133  10:55  Marine x2  
  133  10:58  Marine x2  
  133  11:01  Marine x2  
  135  11:04  Marine x3  
  135  11:11  Marine x2  
  139  11:15  Supply Depot  
  139  11:16  Marine x2  
  139  11:17  Siege Tank  
  139  11:18  Marine x2  
  142  11:19  Marine x2  
  142  11:22  Marine  
  142  11:23  Widow Mine  
  142  11:24  Viking x2, Missile Turret  
  150  11:33  Marine  
  150  11:34  Marine x3  
  150  11:39  Marine x2, Supply Depot  
  156  11:40  Marine x2, Supply Depot  
  156  11:45  Widow Mine  
  159  11:49  Siege Tank  
  166  12:02  Marine  
  166  12:03  Marine x2  
Tags
 
Add a new tag
Caveats
  • Supply blocks, unpowered buildings, or Contaminate may cause inaccurate times.
  • Supply counts are checked every 10 seconds.